Map: Neon Violet Square LE

Players

ShoWTimE - Winner!

  • Race: Protoss Protoss
  • Spawn Location: 5:00

Namshar

  • Race: Zerg Zerg
  • Spawn Location: 11:00

Event: WCS Leipzig 2018

VOD

Have the link to the VOD?

Description

Time

  • Played on: Jan. 27, 2018, 5:37 a.m.
  • Length: 7:18

All games in this series

Show
View Real Time Build Order
Export as new Build Order

ShoWTimE Protoss - Winner!

Build Orders: 1 Gate Expand, Phoenix Opening, Zealot Archon, Archon Drop 

Get SALT Encoding   

  12  0:00  Probe  
  13  0:12  Probe  
  14  0:20  Pylon  
  14  0:24  Probe  
  15  0:38  Probe (Chrono Boost)  
  16  0:44  Gateway  
  16  0:48  Probe (Chrono Boost), Assimilator  
  17  0:53  Probe (Chrono Boost)  
  18  1:05  Probe  
  19  1:17  Probe  
  20  1:26  Nexus  
  20  1:37  Cybernetics Core  
  20  1:39  Probe  
  21  1:46  Assimilator  
  21  1:51  Probe  
  22  1:56  Pylon  
  22  2:03  Probe  
  23  2:12  Adept (Chrono Boost)  
  25  2:15  Probe  
  25  2:19  Stargate  
  26  2:24  Warp Gate  
  26  2:28  Probe (Chrono Boost)  
  27  2:34  Stalker  
  29  2:38  Probe (Chrono Boost)  
  31  2:46  Probe (Chrono Boost)  
  31  2:48  Probe (Chrono Boost)  
  32  2:52  Probe (Chrono Boost)  
  32  2:53  Probe (Chrono Boost)  
  34  3:02  Phoenix (Chrono Boost)  
  34  3:04  Probe  
  34  3:05  Probe  
  38  3:16  Probe  
  38  3:17  Probe, Pylon  
  40  3:25  Gateway  
  40  3:28  Probe  
  40  3:29  Probe  
  43  3:41  Probe (Chrono Boost)  
  43  3:42  Twilight Council  
  43  3:43  Probe (Chrono Boost)  
  43  3:46  Robotics Facility  
  44  3:53  Probe (Chrono Boost)  
  44  3:54  Assimilator  
  46  3:56  Probe (Chrono Boost)  
  46  3:58  Probe (Chrono Boost), Assimilator  
  47  4:04  Probe, Pylon  
  47  4:07  Probe  
  49  4:14  Charge (Chrono Boost)  
  49  4:15  Gateway  
  49  4:16  Probe  
  50  4:17  Gateway  
  50  4:23  Templar Archives  
  50  4:27  Probe  
  51  4:35  Warp Prism (Chrono Boost)  
  53  4:38  Gateway  
  53  4:42  Gateway  
  53  4:51  Pylon  
  53  4:59  Nexus  
  53  5:02  Zealot  
  53  5:05  Zealot  
  57  5:10  Pylon  
  57  5:18  Probe x2  
  59  5:29  High Templar x4  
  59  5:32  Pylon  
  59  5:33  Archon x2  
  59  5:35  Observer, Zealot  
  68  5:36  Zealot  
  68  5:37  Probe x2  
  74  5:48  Pylon  
  74  5:49  Probe x2  
  76  6:02  Zealot x2  
  76  6:03  Zealot x3  
  86  6:06  Pylon  
  86  6:07  Zealot  
  86  6:08  Probe x2  
  90  6:12  Probe  
  91  6:20  Probe x2  
  87  6:26  Zealot x3  
  87  6:31  Zealot x2  
  89  6:40  Probe x2  
  89  6:41  Probe  
  92  6:49  Zealot x4  
  92  6:52  Probe, Zealot x2  
  105  6:58  Probe  
  105  7:00  Assimilator  
  106  7:04  Assimilator  
Show
View Real Time Build Order
Export as new Build Order

Namshar Zerg 

Build Orders: Hatch First 

Get SALT Encoding   

  12  0:00  Drone  
  13  0:13  Overlord  
  13  0:18  Drone  
  14  0:31  Drone  
  14  0:32  Drone  
  14  0:35  Drone  
  17  0:52  Hatchery  
  17  0:55  Drone  
  17  0:58  Drone  
  18  1:10  Extractor  
  17  1:14  Spawning Pool  
  17  1:17  Drone  
  17  1:21  Drone  
  18  1:28  Drone  
  19  1:40  Overlord  
  19  1:49  Drone  
  20  2:03  Queen  
  20  2:04  Queen  
  20  2:05  Zergling x4  
  26  2:10  Metabolic Boost  
  26  2:11  Drone  
  27  2:16  Drone  
  27  2:22  Drone  
  29  2:27  Drone  
  30  2:39  Hatchery  
  30  2:43  Drone  
  30  2:47  Pneumatized Carapace  
  30  2:53  Overlord  
  30  2:57  Drone  
  31  3:01  Drone x2  
  31  3:04  Drone  
  34  3:13  Queen  
  34  3:15  Drone  
  34  3:16  Drone  
  34  3:19  Drone  
  39  3:21  Drone  
  39  3:24  Overlord  
  41  3:27  Drone  
  41  3:34  Overlord  
  41  3:35  Overlord  
  41  3:38  Drone  
  42  3:42  Spore Crawler  
  42  3:45  Drone x3  
  44  3:52  Spore Crawler  
  44  3:53  Queen  
  45  3:56  Drone  
  45  4:00  Lair  
  46  4:03  Drone  
  46  4:07  Drone x2  
  49  4:11  Drone x3  
  49  4:14  Drone  
  49  4:15  Drone  
  54  4:17  Overlord  
  54  4:22  Drone x2  
  56  4:26  Overlord  
  56  4:28  Drone x3  
  59  4:35  Baneling Nest  
  59  4:36  Extractor  
  57  4:38  Drone  
  57  4:39  Extractor  
  57  4:40  Drone  
  57  4:41  Drone x3  
  57  4:43  Overlord  
  61  4:49  Drone x3  
  64  4:53  Overlord  
  64  4:54  Drone, Extractor  
  64  4:55  Drone  
  65  5:02  Spore Crawler  
  65  5:03  Hydralisk Den  
  65  5:05  Drone x2  
  65  5:06  Drone  
  66  5:11  Overlord  
  66  5:12  Drone x2  
  68  5:16  Drone x2  
  68  5:18  Queen  
  68  5:19  Queen  
  74  5:21  Overlord  
  74  5:23  Zergling x6  
  74  5:25  Zergling x2  
  74  5:26  Zergling x2  
  79  5:30  Zergling x2  
  79  5:32  Drone, Zergling x4  
  83  5:36  Hydralisk  
  83  5:38  Evolution Chamber  
  84  5:43  Hydralisk x3  
  90  5:53  Hydralisk  
  90  5:54  Hydralisk  
  94  5:57  Centrifical Hooks  
  94  5:58  Muscular Augments  
  94  6:02  Drone  
  94  6:03  Drone  
  96  6:09  Hydralisk x3  
  102  6:11  Hatchery  
  101  6:21  Hydralisk x2  
  101  6:22  Zergling x6  
  94  6:28  Hydralisk x2  
  94  6:29  Zergling x8  
  94  6:35  Hydralisk  
  94  6:36  Zergling x10  
  91  6:41  Hydralisk  
  91  6:42  Zergling x2  
  80  6:49  Hydralisk x2  
  80  6:50  Zergling x2  
Tags
 
Add a new tag
Caveats
  • Supply blocks, unpowered buildings, or Contaminate may cause inaccurate times.
  • Supply counts are checked every 10 seconds.